 Dungeon Crawl Stone Soup version 0.20.1-1-g8b1a95d (webtiles) character file.

14679 vineage the Carver (level 11, -6/94 HPs)
             Began as a Demonspawn Gladiator on Aug 29, 2017.
             Was the Champion of Okawaru.
             Killed from afar by a raiju (8 damage)
             ... with a living lightning
             ... on level 1 of the Abyss.
             The game lasted 00:23:22 (10108 turns).

vineage the Carver (Demonspawn Gladiator)          Turns: 10108, Time: 00:23:22

Health: -6/94      AC: 22    Str: 19      XL:     11   Next: 91%
Magic:  11/11      EV:  6    Int: 10 (11) God:    Okawaru [******]
Gold:   809        SH: 11    Dex: 14      Spells: 10/10 levels left

rFire    . . .     SeeInvis .   p - +7 falchion (flame)
rCold    + . .     Gourm    .   x - +1 shield
rNeg     . . .     Faith    +   t - +0 plate armour
rPois    .         Spirit   .   c - +0 helmet
rElec    .         Reflect  .   (no cloak)
rCorr    +         Harm     .   l - +2 pair of gloves
MR       .....                  K - +1 pair of boots
Stlth    ..........             n - amulet of faith
Regen    0.0/turn               w - ring of protection from cold
MPRegen  0.2/turn               y - ring of resist corrosion

@: about to teleport, non-regenerating, mildly diseased, invisible
A: hooves 2, molten scales 1, clever 1, powered by death 2, robust 1, spiny 1
a: Heroism, Finesse, Renounce Religion


You were on level 1 of the Abyss.
You worshipped Okawaru.
Okawaru was exalted by your worship.
You were hungry.

You visited 3 branches of the dungeon, and saw 13 of its levels.
You visited the Abyss 1 time.

You collected 809 gold pieces.

Inventory:

Hand Weapons
 a - a +0 long sword
 p - a +7 falchion of flaming (weapon)
 B - a +0 spear of chaos
 X - a +2 fustibalus of freezing
Missiles
 d - 6 throwing nets (quivered)
 R - 2 tomahawks of dispersal
Armour
 b - a +0 leather armour
 c - a +0 helmet (worn)
 l - a +2 pair of gloves (worn)
 r - a +0 pair of boots
 t - a +0 plate armour (worn)
 x - a +1 shield (worn)
 K - a +1 pair of boots (worn)
 S - a +2 hat
Jewellery
 n - an amulet of faith (around neck)
 w - a ring of protection from cold (left hand)
 y - a ring of resist corrosion (right hand)
 G - an uncursed amulet of regeneration {unknown}
 O - an uncursed ring of positive energy {unknown}
 P - an uncursed ring of protection from magic {unknown}
 Q - an uncursed amulet of harm {unknown}
 U - an uncursed ring of see invisible {unknown}
Wands
 z - a wand of paralysis (11/24)
 E - a wand of clouds (4/9)
 F - a wand of lightning (7/15)
 I - a wand of acid (10/15)
Scrolls
 e - a scroll of recharging
 i - 7 scrolls of teleportation
 m - 2 scrolls of noise
 o - 8 scrolls of remove curse
 J - 2 scrolls of identify
 N - a scroll of immolation {unknown}
 V - a scroll of magic mapping {unknown}
 Y - 2 scrolls of blinking {unknown}
 Z - a scroll of holy word {unknown}
Potions
 g - 4 potions of curing
 h - a potion of resistance
 k - 3 potions of brilliance
 q - 3 potions of might
 s - 4 potions of haste
 A - 3 potions of berserk rage
 D - a potion of agility
 H - 2 potions of flight {unknown}
Books
 L - a book of Battle

   Spells                             Type                      Level
   a - Infusion                       Charms                       1
   b - Shroud of Golubria             Charms/Translocation         2
   c - Song of Slaying                Charms                       2
   d - Spectral Weapon                Hexes/Charms                 3
   e - Regeneration                   Charms/Necromancy            3
 M - a book of Maledictions

   Spells                             Type                      Level
   a - Corona                         Hexes                        1
   b - Ensorcelled Hibernation        Hexes/Ice                    2
   c - Confuse                        Hexes                        3
   d - Tukima's Dance                 Hexes                        3
   e - Dazzling Spray                 Conjuration/Hexes            3
 T - a book of Misfortune

   Spells                             Type                      Level
   a - Confusing Touch                Hexes                        1
   b - Confuse                        Hexes                        3
   c - Gell's Gravitas                Translocation                3
   d - Petrify                        Transmutation/Earth          4
   e - Metabolic Englaciation         Hexes/Ice                    5
   f - Yara's Violent Unravelling     Hexes/Transmutation          5
Miscellaneous
 W - a lamp of fire
Comestibles
 f - 10 bread rations
 j - 9 meat rations
 u - 6 fruits


   Skills:
 + Level 8.0 Fighting
 + Level 11.8 Long Blades
 + Level 2.0 Throwing
 + Level 8.1 Armour
 + Level 4.5 Dodging
 + Level 3.1 Stealth
 + Level 6.5 Shields
 + Level 1.0 Invocations


You had 10 spell levels left.
You didn't know any spells.

Dungeon Overview and Level Annotations

Branches:
Dungeon (11/15)            Temple (1/1) D:7            Lair (1/6) D:8
    Orc: D:9-12

Altars:
Ashenzari
Cheibriados
Elyvilon
Gozag
Hepliaklqana
Kikubaaqudgha
Makhleb
Okawaru
Ru
Sif Muna
Uskayaw
Xom
Zin

Shops:
D:4 *

Annotations:
D:9 2 runed doors
D:11 Erolcha


Innate Abilities, Weirdness & Mutations

You have hoof-like feet.
You are partially covered in molten scales. (AC +2)
You regenerate health from kills.
You are partially covered in sharp spines.
Your mind is acute. (Int +2)
You are robust. (+10% HP)


Message History

The raiju bites you but does no damage.
The raiju moves out of view.
The raiju is struck by your spines. The raiju bites you. The raiju shocks you!
The large abomination hits you!
* * * LOW HITPOINT WARNING * * *
You hear a chilling moan.
You hit the large abomination. You burn the large abomination.
The large abomination is lightly damaged.
The raiju bites you.
* * * LOW HITPOINT WARNING * * *
The raiju shocks you!
* * * LOW HITPOINT WARNING * * *
You fade into invisibility!
You block the raiju's attack. The large abomination hits you.
* * * LOW HITPOINT WARNING * * *
The raiju bites you but does no damage.
The raiju bursts into living lightning!
The living lightning hits the raiju.
The raiju completely resists.
The living lightning hits the raiju.
The raiju completely resists.
The living lightning hits you!
You die...

#. ..#≈≈≈≈≈≈≈≈
...##.# . .
#≈≈≈≈≈≈≈≈#.#.#.. #
# #≈≈#≈≈≈≈#..#..# (
# . . #≈≈ ≈≈≈.....#
.. # uu##≈≈ #≈....#
#.#
!....u#≈##....#...#
# ..... ..... .. #
..#.. ##X##.#.## .
.. # #@#...#.. _ #
.u..hhhh#...# #.. .
..........X#.# .#
..h../......... .
...#..####..#.....
. ### #....#...§ .
. #.#.#.#. . . .
...># .#. .


You could see a brown very ugly thing, a large abomination and 5 raiju.

Vanquished Creatures
  A hydra (Lair:1)
  The ghost of feelmyfire the Grappler, a novice DrGl of Gozag (D:10)
  A two-headed ogre (D:9)
  Erica (D:9)
  An orange crystal statue (D:9)
  A cyclops (D:11)
  2 black mambas (Lair:1)
  An orange demon (Abyss:1)
  3 spiny frogs (Lair:1)
  2 ancient zymes (Abyss:1)
  2 trolls
  A hornet (D:10)
  A hippogriff (D:7)
  A slime creature (D:8)
  A wraith (D:11)
  3 flying skulls (Abyss:1)
  A wyvern (D:8)
  5 yaks
  A basilisk (Lair:1)
  Menkaure (D:7)
  An acid dragon (D:10)
  4 water moccasins
  5 orc warriors
  2 porcupines (Lair:1)
  7 ice beasts
  A black bear (D:4)
  2 ogres
  An eye of draining (D:11)
  A phantom (D:7)
  A necrophage (D:8)
  A sky beast (D:10)
  9 centaurs
  A crocodile (D:7)
  9 bullfrogs
  6 scorpions
  A water moccasin skeleton (D:5)
  4 wights (D:10)
  2 howler monkeys
  3 crimson imps
  A bullfrog zombie (D:6)
  5 hounds
  A jelly (D:8)
  10 orc wizards
  4 orc priests
  2 centaur skeletons
  Terence (D:2)
  2 iguanas
  10 worker ants
  Natasha (thrice) (D:3)
  A killer bee zombie (D:9)
  A bullfrog simulacrum (D:9)
  A hound skeleton (D:10)
  A killer bee simulacrum (D:9)
  A worker ant zombie (D:6)
  Robin (D:3)
  8 gnolls
  15 adders
  3 shadow imps
  2 white imps
  A howler monkey simulacrum (D:9)
  A worker ant simulacrum (D:9)
  2 adder skeletons
  An adder zombie (D:6)
  3 worms
  2 dart slugs
  An adder simulacrum (D:9)
  6 leopard geckos
  29 orcs
  8 bats
  A giant cockroach (D:4)
  14 goblins
  11 hobgoblins
  12 jackals
  5 kobolds
  8 quokkas
  A ball python (D:2)
  9 frilled lizards
  9 rats
289 creatures vanquished.

Notes
Turn   | Place    | Note
-------+----------+-------------------------------------------
     0 | D:1      | vineage the Demonspawn Gladiator began the quest for the Orb.
     0 | D:1      | Reached XP level 1. HP: 16/16 MP: 1/1
   747 | D:2      | Gained mutation: You regenerate a little health from kills. [demonic ancestry]
   747 | D:2      | Reached XP level 2. HP: 22/22 MP: 2/2
   777 | D:2      | Reached skill level 3 in Long Blades
   916 | D:2      | Gained mutation: You have large cloven feet. [demonic ancestry]
   916 | D:2      | Reached XP level 3. HP: 22/27 MP: 3/3
  1464 | D:3      | Noticed Terence
  1487 | D:2      | Killed Terence
  1487 | D:2      | Gained mutation: You are partially covered in sharp spines. [demonic ancestry]
  1487 | D:2      | Reached XP level 4. HP: 23/33 MP: 4/4
  1630 | D:3      | Noticed Natasha
  1636 | D:3      | Killed Natasha
  1636 | D:3      | Reached skill level 1 in Armour
  1652 | D:3      | Noticed a bullfrog
  1655 | D:3      | Killed a bullfrog
  1655 | D:3      | Reached skill level 4 in Long Blades
  1655 | D:3      | Reached XP level 5. HP: 35/38 MP: 5/5
  1686 | D:3      | Noticed Natasha
  1690 | D:3      | Killed Natasha
  1696 | D:3      | Reached skill level 1 in Stealth
  1752 | D:3      | Noticed an ice beast
  1766 | D:3      | Killed an ice beast
  1766 | D:3      | Reached XP level 6. HP: 11/46 MP: 6/6
  1955 | D:3      | Noticed Natasha
  1961 | D:3      | Killed Natasha
  2006 | D:3      | Noticed Robin
  2010 | D:3      | Killed Robin
  2013 | D:3      | Reached skill level 5 in Long Blades
  2046 | D:3      | Gained mutation: You are robust. (+10% HP) [potion of mutation]
  2046 | D:3      | Gained mutation: Your mind is acute. (Int +2) [potion of mutation]
  2259 | D:3      | Found a sacrificial altar of Ru.
  2608 | D:4      | Gained mutation: You are partially covered in molten scales. (AC +2) [demonic ancestry]
  2608 | D:4      | Reached XP level 7. HP: 57/57 MP: 7/7
  2857 | D:4      | Found Zin's Purification Station.
  2883 | D:4      | Found a glowing silver altar of Zin.
  3293 | D:5      | Entered Level 5 of the Dungeon
  3302 | D:5      | Found an opulent altar of Gozag.
  3314 | D:5      | Reached skill level 6 in Long Blades
  3571 | D:5      | Found an ancient bone altar of Kikubaaqudgha.
  3605 | D:5      | Reached XP level 8. HP: 60/66 MP: 8/8
  3846 | D:5      | Found a shimmering altar of Xom.
  4102 | D:6      | Reached skill level 7 in Long Blades
  4102 | D:6      | Reached skill level 1 in Shields
  4938 | D:7      | Reached skill level 8 in Long Blades
  4938 | D:7      | Gained mutation: You regenerate health from kills. [demonic ancestry]
  4938 | D:7      | Reached XP level 9. HP: 72/72 MP: 9/9
  4941 | D:7      | Found a staircase to the Ecumenical Temple.
  4950 | Temple   | Entered the Ecumenical Temple
  4958 | Temple   | Became a worshipper of Warmaster Okawaru
  5102 | D:7      | Noticed a troll
  5112 | D:7      | Killed a troll
  5139 | D:7      | Noticed Menkaure
  5159 | D:7      | Killed Menkaure
  5159 | D:7      | Reached * piety under Okawaru
  5159 | D:7      | Reached skill level 5 in Fighting
  5277 | D:7      | Found a deep blue altar of Sif Muna.
  5321 | D:7      | Reached skill level 9 in Long Blades
  5337 | D:7      | Reached skill level 5 in Armour
  5587 | D:8      | Reached ** piety under Okawaru
  5869 | D:8      | Found a staircase to the Lair.
  6219 | D:8      | Found a hazy altar of Hepliaklqana.
  6219 | D:8      | Found a hide-covered altar of Uskayaw.
  6222 | D:8      | Found a shattered altar of Ashenzari.
  6222 | D:8      | Found a burning altar of Makhleb.
  6224 | D:8      | Reached XP level 10. HP: 83/83 MP: 10/10
  6496 | Lair:1   | Entered Level 1 of the Lair of Beasts
  6522 | Lair:1   | Noticed a spiny frog
  6530 | Lair:1   | Killed a spiny frog
  6554 | Lair:1   | Noticed a black mamba
  6562 | Lair:1   | Killed a black mamba
  6562 | Lair:1   | Reached *** piety under Okawaru
  6732 | Lair:1   | Noticed a spiny frog
  6741 | Lair:1   | Killed a spiny frog
  6741 | Lair:1   | Reached skill level 10 in Long Blades
  6763 | Lair:1   | Noticed a seven-headed hydra
  6793 | Lair:1   | Killed a three-headed hydra
  6793 | Lair:1   | Reached **** piety under Okawaru
  6940 | Lair:1   | Noticed a spiny frog
  6947 | Lair:1   | Killed a spiny frog
  7083 | Lair:1   | Noticed a black mamba
  7092 | Lair:1   | Killed a black mamba
  7715 | D:9      | Noticed Erica
  7721 | D:9      | Killed Erica
  7721 | D:9      | Reached ***** piety under Okawaru
  7729 | D:9      | Reached skill level 5 in Shields
  7741 | D:9      | Gained mutation: You have hoof-like feet. [demonic ancestry]
  7741 | D:9      | Reached XP level 11. HP: 91/91 MP: 11/11
  7824 | D:9      | Found a runed door.
  7824 | D:9      | Noticed a two-headed ogre
  7834 | D:9      | Killed a two-headed ogre
  7864 | D:9      | Found a runed door.
  7876 | D:9      | Found a runed door.
  7893 | D:9      | Noticed an orange crystal statue
  7910 | D:9      | Reached skill level 1 in Invocations
  8069 | D:9      | Killed an orange crystal statue
  8156 | D:9      | Found a runed door.
  8238 | D:9      | Received a gift from Okawaru
  8348 | D:9      | Found a glowing silver altar of Zin.
  8536 | D:9      | Reached skill level 11 in Long Blades
  8793 | D:10     | Entered Level 10 of the Dungeon
  9031 | D:10     | Noticed feelmyfire's ghost (novice DrGl)
  9074 | D:10     | Killed feelmyfire's ghost
  9173 | D:10     | Received a gift from Okawaru
  9526 | D:10     | Found a hazy altar of Hepliaklqana.
  9967 | D:11     | Noticed Erolcha
  9980 | D:11     | Cast into level 1 of the Abyss (Erolcha)
  9986 | Abyss:1  | Found a corrupted altar of Lugonu.
 10014 | Abyss:1  | Reached ****** piety under Okawaru
 10099 | Abyss:1  | Noticed a brown very ugly thing
 10100 | Abyss:1  | Noticed a brown very ugly thing
 10101 | Abyss:1  | Noticed a brown very ugly thing
 10108 | Abyss:1  | HP: 2/94 [large abomination (3)]
 10108 | Abyss:1  | Killed from afar by a raiju

Skill      XL: |  1  2  3  4  5  6  7  8  9 10 11 |
---------------+----------------------------------+-----
Dodging        | 3 4 |  4.5
Long Blades    | 3 4 5 6 8 9 10 11 | 11.8
Throwing       | 2 |  2.0
Armour         | 1 2 3 4 5 6 8 |  8.1
Stealth        | 1 2 3 |  3.1
Fighting       | 3 4 5 6 8 |  8.0
Shields        | 1 3 5 6 |  6.5
Invocations    | 1 |  1.0

Action                   |  1- 3 |  4- 6 |  7- 9 | 10-12 || total
-------------------------+-------+-------+-------+-------++-------
Melee: Long sword        |    66 |     2 |       |       ||    68
       Kick              |     5 |    15 |       |       ||    20
       Falchion          |       |    78 |   277 |   459 ||   814
Invok: Heroism           |       |       |       |     1 ||     1
  Use: Potion            |       |     2 |     1 |     4 ||     7
       Scroll            |       |     9 |    10 |     2 ||    21
 Stab: Sleeping          |     1 |       |     1 |       ||     2
  Eat: Chunk             |     2 |     3 |    10 |     6 ||    21
       Royal jelly       |       |       |     1 |     1 ||     2
       Fruit             |       |       |       |     5 ||     5
Armor: Leather armour    |    29 |    14 |     1 |       ||    44
       Plate armour      |       |       |   132 |   200 ||   332
Dodge: Dodged            |    60 |    55 |    43 |    84 ||   242
Block: Shield            |       |       |    87 |   217 ||   304
       Rpst.: Long sword |    18 |     1 |       |       ||    19
       Falchion          |       |    21 |    15 |    21 ||    57
